 Dungeon Crawl Stone Soup version 0.19-a0-1704-gbd66c22 (webtiles) character file.

83 Amnesiac the Sneak (level 4, 0/24 HPs)
             Began as a Deep Elf Enchanter on Sept 27, 2016.
             Slain by Sigmund
             ... wielding a +0 scythe
              (4 damage)
             ... on level 3 of the Dungeon.
             The game lasted 00:03:11 (736 turns).

Amnesiac the Sneak (Deep Elf Enchanter)              Turns: 736, Time: 00:03:11

Health: 0/24       AC:  5    Str:  3    XL:     4   Next: 22%
Magic:  0/10       EV: 13    Int: 20    God:
Gold:   17         SH:  0    Dex: 16    Spells: 3 memorised, 3 levels left

rFire  . . .     SeeInvis .     a - +1 dagger
rCold  . . .     Gourm    .     b - +1 robe
rNeg   . . .     Faith    .     (no shield)
rPois  .         Spirit   .     (no helmet)
rElec  .         Dismiss  .     (no cloak)
rCorr  .         Reflect  .     (no gloves)
MR     .....     Harm     .     g - +0 pair of boots
Stlth  +++.......               (no amulet)
                                (no ring)
                                i - -2 ring of strength (curse)

@: no status effects
A: no striking features
a: no special abilities


You were on level 3 of the Dungeon.
You were not hungry.

You visited 1 branch of the dungeon, and saw 3 of its levels.

You collected 17 gold pieces.

Inventory:

Hand Weapons
 a - a +1 dagger (weapon)
Armour
 b - a +1 robe (worn)
 g - a +0 pair of boots (worn)
Jewellery
 i - a cursed -2 ring of strength (left hand)
Scrolls
 e - a scroll of recharging {unknown}
Books
 c - a book of Maledictions

   Spells                             Type                      Level
   a - Corona                         Hexes                        1
   b - Ensorcelled Hibernation        Hexes/Ice                    2
   c - Confuse                        Hexes                        3
   d - Tukima's Dance                 Hexes                        3
   e - Dazzling Spray                 Conjuration/Hexes            3
Comestibles
 d - 2 bread rations
 f - a meat ration
 h - 2 chunks of flesh


   Skills:
 - Level 3.2 Short Blades
 - Level 2.4 Dodging
 + Level 4.5 Stealth
 * Level 3.0 Spellcasting
 + Level 4.5 Hexes


You had 3 spell levels left.
You knew the following spells:

 Your Spells              Type           Power        Failure   Level  Hunger
b - Corona                Hex            ###....      2%          1    None
e - Confuse               Hex            ###.....     10%         3    ###....
f - Ensorcelled Hibernat  Hex/Ice        ##....       10%         2    ##.....


Dungeon Overview and Level Annotations

Branches:
Dungeon (3/15)

Altars:

Annotations:
D:3 Sigmund


Message History

* * * LOW HITPOINT WARNING * * *
Unknown command.
Unknown command.
Unknown command.
You aren't carrying any potions.
Okay, then.
You closely miss something.
Unknown command.
You hit something.
Sigmund appears from thin air!
Reactivating autopickup.
Sigmund points at you and mumbles some strange words.
You resist with some effort.
Casting: Ensorcelled Hibernation
Confirm with . or Enter, or press ? or * to list all spells.
Aiming: Confuse
Press: ? - help, Shift-Dir - straight line, f/p - Sigmund
Aim: Sigmund, wielding a scythe and wearing a robe (severely wounded, chance to defeat MR: 60%) Sigmund resists with significant effort.
Sigmund hits you with a scythe.
You die...

.. .########## .
......#...########### ..
#..................#
...##.#.#.#..#########.###
............# #....
#..#.#.#..# #####
#.........# ## ##.#.#@#..#
#. #...@....# #####.
##...#...# #.....
#...###### ####.####
....### #....# ###.##
########.####
#....##....#...# #.
#.........### ##.....###


You could see Sigmund.

Vanquished Creatures
  Jessica (D:2)
  3 gnolls
  2 adders
  A worm (D:3)
  3 jackals (D:2)
  A kobold (D:3)
11 creatures vanquished.

Notes
Turn   | Place    | Note
-------+----------+-------------------------------------------
     0 | D:1      | Amnesiac the Deep Elf Enchanter began the quest for the Orb.
     0 | D:1      | Reached XP level 1. HP: 10/10 MP: 6/6
   135 | D:2      | Reached XP level 2. HP: 15/15 MP: 8/8
   184 | D:2      | Noticed Jessica
   189 | D:2      | Learned a level 2 spell: Ensorcelled Hibernation
   192 | D:2      | Killed Jessica
   192 | D:2      | Reached XP level 3. HP: 19/19 MP: 6/9
   290 | D:2      | Learned a level 3 spell: Confuse
   314 | D:2      | Reached XP level 4. HP: 4/24 MP: 2/10
   675 | D:3      | Noticed Sigmund
   736 | D:3      | Slain by Sigmund

Vault maps used:
D:1:      nicolae_arrival_memento_mori, minmay_misc_feat_cross
D:2:      st_stairs_1, dk_noncrumbling_4, hangedman_decor_points,
          minmay_pentomino_z2, uniq_jessica, uniq_natasha
D:3:      first_bread, serial_glass, glass_columns_b, glass_columns_a,
          led_xom_imps, uniq_sigmund

Skill      XL: |  1  2  3 |
---------------+----------+-----
Stealth        | 4 |  4.5
Short Blades   | 2 3 |  3.2
Dodging        | |  2.4
Spellcasting   | |  3.0
Hexes          | |  4.5

Action                   |  1- 3 |  4- 6 || total
-------------------------+-------+-------++-------
Melee: Dagger            |     8 |    19 ||    27
 Cast: Ensorcelled Hiber |     8 |    10 ||    18
       Confuse           |       |     3 ||     3
       Corona            |       |     1 ||     1
 Stab: Sleeping          |     7 |     4 ||    11
       Confused          |       |     1 ||     1
Armor: Robe              |     1 |     6 ||     7
Dodge: Dodged            |     6 |     9 ||    15
